 Dungeon Crawl Stone Soup version 0.24.0-37-gcf1ca852f1 (webtiles) character file.

Game seed: 12853621184898285691, levelgen mode: deterministic

1572 Froggeryz the Frost Mage (level 8, -11/62 HPs)
             Began as a Naga Ice Elementalist on Nov 28, 2019.
             Mangled by an ogre
             ... wielding a +0 giant spiked club
              (31 damage)
             ... on level 6 of the Dungeon on Dec 2, 2019.
             The game lasted 00:16:09 (6284 turns).

Froggeryz the Frost Mage (Naga Ice Elementalist)    Turns: 6284, Time: 00:16:10

Health: -11/62     AC:  5    Str: 12    XL:     8   Next: 90%
Magic:  7/11       EV: 10    Int: 17    God:
Gold:   343        SH:  0    Dex: 11    Spells: 6/11 levels left

rFire    + + .     SeeInvis +   s - +1 flail
rCold    + . .     Gourm    .   (no shield)
rNeg     . . .     Faith    .   a - +0 robe
rPois    +         Spirit   .   e - +0 helmet
rElec    .         Reflect  .   m - scarf {rC+ rF+}
rCorr    .         Harm     .   g - +0 pair of gloves
MR       +....                  (no barding)
Stlth    ++........             (no amulet)
HPRegen  0.20/turn              n - ring of protection from fire
MPRegen  0.12/turn              (no ring)

@: short of breath, very slow
A: large, see invisible, deformed body, poison resistance, slowness 2, slow
metabolism 1, spit poison 1, AC +2
a: Spit Poison


You were on level 6 of the Dungeon.
You were very hungry.

You visited 1 branch of the dungeon, and saw 6 of its levels.
You also visited: Sewer.

You collected 343 gold pieces.

Inventory:

Hand Weapons
 s - a +1 flail (weapon)
Armour
 a - a +0 robe (worn)
 e - a +0 helmet (worn)
 g - a +0 pair of gloves (worn)
 i - a +0 buckler
 m - a scarf of resistance (worn)
 q - a +0 buckler
 t - a +0 cloak
Jewellery
 n - a ring of protection from fire (left hand)
 p - an uncursed amulet of guardian spirit {unknown}
 y - a +5 ring of protection
Scrolls
 b - a scroll of enchant armour {unknown}
 d - 7 scrolls of teleportation
 k - a scroll of amnesia
 l - 2 scrolls of identify
 o - 2 scrolls of brand weapon {unknown}
 u - a scroll of fear
 v - 5 scrolls of magic mapping {unknown}
 x - a scroll of fog
 z - a scroll of blinking {unknown}
 A - 2 scrolls of remove curse
Potions
 f - 2 potions of curing
 h - a potion of might
 j - a potion of haste
 r - 2 potions of brilliance
 w - a potion of magic
Comestibles
 c - 17 rations


   Skills:
 - Level 1.5 Dodging
 - Level 3.0 Stealth
 + Level 0.9 Shields
 - Level 2.0 Spellcasting
   Level 1.0 Conjurations
 * Level 6.4 Summonings
 - Level 9.1 Ice Magic


You had 6 spell levels left.
You knew the following spells:

 Your Spells              Type           Power        Failure   Level  Hunger
a - Freeze                Ice            ####         1%          1    #......
b - Summon Ice Beast      Ice/Summ       ####....     8%          4    #####..

Your spell library contained the following spells:

 Spells                   Type           Power        Failure   Level  Hunger
 Throw Frost              Conj/Ice       ###...       3%          2    ###....
 Ensorcelled Hibernation  Hex/Ice        ###...       4%          2    ###....
 Ozocubu's Armour         Chrm/Ice       ###.....     9%          3    ###....
 Corona                   Hex            #......      19%         1    #......
 Throw Icicle             Conj/Ice       ###.....     24%         4    #####..
 Dazzling Spray           Conj/Hex       #.....       43%         3    ###....
 Confuse                  Hex            #.......     50%         3    ###....
 Tukima's Dance           Hex            #.......     50%         3    ###....


Dungeon Overview and Level Annotations

Branches:
Dungeon (6/15)             Temple (0/1) D:5           Sewer (visited)

Altars:
Ashenzari
Fedhas
Uskayaw
Wu Jian

Shops:
D:4 ?


Innate Abilities, Weirdness & Mutations

You cannot wear boots.
Your serpentine skin is tough. (AC +2)
You have supernaturally acute eyesight. (SInv)
Armour fits poorly on your strangely shaped body.
Your system is resistant to poisons. (rPois)
You cover ground very slowly.
You have a slow metabolism.
You can spit poison.


Message History

Found an escape hatch in the ceiling.
An ogre comes into view. It is wielding a +0 giant spiked club.
Found a stone staircase leading up.
An ogre is nearby!
The ogre shouts!
The ogre hits you with a +0 giant spiked club!
You hit the ogre.
The ogre is lightly wounded.
The ogre hits you with a +0 giant spiked club!!
Press: ? - help, Shift-Dir - straight line, f - ogre
Aim: an ogre, wielding a +0 giant spiked club (lightly wounded)
The splash of poison misses the ogre.
You are feeling very hungry.
The ogre hits you with a +0 giant spiked club!
Casting: Freeze (safe; 1% risk of failure)
Confirm with . or Enter, or press ? or * to list all spells.
A chill wind blows around you.
The ogre hits you with a +0 giant spiked club!!
Ouch! That really hurt!
You die...

#.#
#.######....
#.#
#...........
#.######
#...........
#......#
#...........
######.#
#>..........
#...#.#
##..........
##'#'#.#
#..........
#....Y.#
##.........
#...O@.#
#....#####
#......#
#....#
##.#.#.#
#.....
...#.#.#
...<.#.#.#
.... #<#.#
.... ###.#
.#


You could see an ogre and a friendly ice beast.

Vanquished Creatures
  A centaur (D:6)
  An ogre (D:4)
  A big kobold (D:4)
  2 bullfrogs (Sewer)
  A scorpion (D:4)
  3 crimson imps
  2 orc priests
  A gnoll shaman (D:5)
  6 orc wizards
  3 iguanas
  2 worker ants (D:4)
  2 hound skeletons
  3 gnolls (D:5)
  20 adders
  3 river rats (Sewer)
  2 oozes
  An adder skeleton (D:5)
  4 worms (D:2)
  3 dart slugs
  A leopard gecko (D:2)
  11 orcs
  13 ball pythons
  11 bats
  4 giant cockroaches
  10 hobgoblins
  5 jackals
  A quokka (D:5)
  5 frilled lizards
  14 goblins
  14 kobolds
  A quokka skeleton (D:5)
  A quokka zombie (D:5)
  35 rats
187 creatures vanquished.

Vanquished Creatures (collateral kills)
  A troll (D:6)
  A phantom (D:5)
  An ogre (D:5)
3 creatures vanquished.

Grand Total: 190 creatures vanquished

Notes
Turn   | Place    | Note
-------+----------+-------------------------------------------
     0 | D:1      | Froggeryz the Naga Ice Elementalist began the quest for the
                  | Orb.
     0 | D:1      | Reached XP level 1. HP: 15/15 MP: 3/3
   195 | D:1      | Reached XP level 2. HP: 8/22 MP: 0/5
   784 | D:1      | Reached skill level 4 in Ice Magic
   978 | D:1      | Reached XP level 3. HP: 28/28 MP: 6/6
  1459 | D:2      | Reached XP level 4. HP: 20/36 MP: 5/7
  1469 | D:2      | Found an ornate altar of the Wu Jian Council.
  1646 | D:2      | Reached skill level 5 in Ice Magic
  2051 | D:2      | Reached XP level 5. HP: 36/42 MP: 8/8
  2401 | D:3      | Found a shattered altar of Ashenzari.
  2428 | D:3      | Reached skill level 6 in Ice Magic
  2447 | D:3      | Reached XP level 6. HP: 13/49 MP: 1/9
  2617 | D:3      | Found a hide-covered altar of Uskayaw.
  2731 | D:3      | Found a glowing drain.
  2736 | Sewer    | Entered a sewer
  2970 | Sewer    | Reached skill level 7 in Ice Magic
  3358 | Sewer    | Reached XP level 7. HP: 31/55 MP: 0/10
  3375 | Sewer    | Reached skill level 8 in Ice Magic
  4205 | D:4      | HP: 1/55 [orc priest/divine providence (12)]
  4313 | D:4      | Found Ruse's Magic Scroll Emporium.
  4403 | D:4      | Reached skill level 9 in Ice Magic
  4459 | D:4      | Learned a level 4 spell: Summon Ice Beast
  4677 | D:4      | Reached skill level 1 in Summonings
  4677 | D:4      | Reached XP level 8. HP: 57/62 MP: 9/11
  4842 | D:5      | Entered Level 5 of the Dungeon
  4987 | D:5      | Found a staircase to the Ecumenical Temple.
  5442 | D:5      | Reached skill level 5 in Summonings
  6075 | D:6      | Noticed a troll
  6080 | D:6      | Killed a troll
  6190 | D:6      | Found a blossoming altar of Fedhas.
  6284 | D:6      | Mangled by an ogre

Levels and vault maps discovered:
D:1:      minmay_arrival_three_doors, layout_loops_ring
D:2:      layout_loops_ring, nicolae_overflow_crystal_walls, first_ration
D:3:      layout_loops_ring, eat_drink_and_be_merry_uskayaw,
          cheibrodos_ashenzari_chains, portal_sewer_entry_e, minmay_misc_feat_x
D:4:      cheibrodos_thug_alley, layout_basic, serial_shops, shop,
          serial_park_tiny_pond
D:5:      layout_loops_ring, minmay_temple_entry_from_below_a
D:6:      layout_basic, makhleb_grotto_becter, overflow_temple_1_default

Skill      XL: |  1  2  3  4  5  6  7  8 |
---------------+-------------------------+-----
Ice Magic      | 4 5 6 7 9 |  9.1
Summonings     | 1 6 |  6.4
Dodging        | |  1.5
Stealth        | |  3.0
Shields        | |  0.9
Spellcasting   | |  2.0
Conjurations   | |  1.0

Action                   |  1- 3 |  4- 6 |  7- 9 || total
-------------------------+-------+-------+-------++-------
Melee: Unarmed           |     8 |       |       ||     8
       Short sword       |    60 |    17 |       ||    77
       Great sword       |       |    74 |       ||    74
       Whip              |       |    37 |     1 ||    38
       Flail             |       |     6 |   122 ||   128
 Cast: Freeze            |    22 |    80 |    77 ||   179
       Summon Ice Beast  |       |       |     5 ||     5
 Abil: Spit Poison       |     5 |    24 |    19 ||    48
  Use: Scroll            |       |     5 |     2 ||     7
       Potion            |       |       |    11 ||    11
 Stab: Sleeping          |     6 |     5 |     6 ||    17
       Distracted        |       |       |     1 ||     1
  Eat: Chunk             |     2 |     8 |    10 ||    20
Armor: Robe              |    24 |    91 |    99 ||   214
Dodge: Dodged            |    45 |   170 |   146 ||   361
       Rpst.: Great sword |       |    25 |       ||    25
